AoeStats
← AOKI_Shogi

MegaRandom

506259389Analyzed
4v4 RM · 20d ago on Sep 12, 2026· 69m 19s· 8 players
Game mode
Random Map
Map size
Large (8 player)
Population
200
Speed
Normal
Resources
Standard
Victory
Conquest
Starting age
Dark Age
Ending age
Imperial Age
RankedLock teamsTeams togetherTeam positionsShared explorationLock speedFull tech treeHidden civsTurbo modeCheats
Victory
Defeat
🇵🇪 Britons · Peru
1448
+16
🇳🇴 Khitans · Norway
1405
+18
🇵🇪 Persians · Peru
1400
+18
🇨🇳 Malians · China
1349
+21
🇨🇭 Khmer · Switzerland
1514
-20
🇫🇷 Franks · France
1484
-20
🇫🇷 Mongols · France
1442
-18
🇫🇷 Britons · France
1367
-15
Snavle
0:32 Loom
9:24 Feudal Age
10:33 Double-Bit Axe
13:35 Forging
20:01 Castle Age
22:23 Scale Barding Armor
23:29 Husbandry
29:57 Domestication
30:58 Scale Mail Armor
35:30 Imperial Age
33:40 Chain Mail Armor
34:05 Pastoralism
34:02 Elite Skirmisher
35:07 Lamellar Armor
35:51 Fletching
36:02 Padded Archer Armor
36:11 Gold Mining
36:13 Stone Mining
39:05 Plate Mail Armor
38:32 Bodkin Arrow
38:06 Elite Liao Dao
39:35 Wheelbarrow
38:45 Town Watch
39:23 Caravan
41:06 Iron Casting
41:39 Bow Saw
42:58 Hand Cart
43:45 Transhumance
43:49 Clinker Construction
45:14 Carvel Hull
45:24 Squires
47:01 Two-Man Saw
47:58 Ballistics
48:41 Chemistry
47:58 Bracer
51:32 Conscription
52:39 Siege Engineers
52:52 Leather Archer Armor
53:08 Light Cavalry
54:41 Ordo Cavalry
58:32 Hussar
62:30 Medium Warships
64:05 Elite Steppe Lancer
66:19 Chain Barding Armor
66:31 Ring Archer Armor
MasteRk
0:29 Loom
9:23 Feudal Age
11:31 Double-Bit Axe
14:20 Castle Age
13:36 Fishing Lines
14:05 Town Watch
14:59 Scale Barding Armor
15:07 Horse Collar
18:50 Forging
19:40 Gillnets
21:01 Wheelbarrow
21:47 Bloodlines
22:21 Heavy Plow
22:55 Bow Saw
23:02 Husbandry
24:44 Chain Barding Armor
27:02 Gold Mining
27:03 Stone Mining
29:59 Imperial Age
28:45 Iron Casting
29:18 Gold Shaft Mining
28:10 Light Cavalry
28:10 Light Cavalry
29:38 Cavalier
31:03 Plate Barding Armor
35:00 Blast Furnace
34:26 Savar
35:04 Hussar
36:43 Stone Shaft Mining
37:58 Guilds
38:07 Scale Mail Armor
37:28 Pikeman
38:09 Squires
37:54 Gambesons
38:50 Halberdier
41:07 Chain Mail Armor
51:00 Caravan
53:50 Two-Man Saw
54:01 Hand Cart
54:19 Crop Rotation
54:44 Coinage
57:54 Demolition Ship
59:31 Conscription
60:24 Medium Warships
60:55 Masonry
62:55 Capped Ram
65:18 Plate Mail Armor
64:12 Siege Ram
Meliod27
0:39 Loom
9:06 Feudal Age
10:49 Double-Bit Axe
14:29 Fletching
17:11 Horse Collar
20:17 Castle Age
20:20 Crossbowman
20:56 Bodkin Arrow
23:13 Ballistics
23:45 Padded Archer Armor
25:23 Fishing Lines
26:56 Wheelbarrow
26:43 Gold Mining
33:16 Imperial Age
32:44 Hand Cart
34:03 Bracer
35:37 Chemistry
35:41 Arbalester
39:26 Squires
40:28 Town Watch
41:29 Leather Archer Armor
42:09 Forging
41:59 Scale Mail Armor
45:05 Ring Archer Armor
44:42 Pikeman
48:16 Conscription
49:20 Bow Saw
49:11 Heavy Plow
51:42 Scale Barding Armor
52:13 Iron Casting
51:53 Chain Mail Armor
53:29 Two-Man Saw
51:52 Light Cavalry
52:32 Husbandry
54:37 Masonry
59:29 Chain Barding Armor
59:31 Medium Warships
62:54 Heavy Warships
客官
0:36 Loom
9:05 Feudal Age
10:17 Double-Bit Axe
13:05 Castle Age
12:02 Horse Collar
13:12 Gold Mining
14:20 Wheelbarrow
14:50 Fletching
20:20 Crossbowman
23:01 Bodkin Arrow
24:02 Bow Saw
24:46 Gold Shaft Mining
25:28 Padded Archer Armor
26:44 Thumb Ring
26:58 Leather Archer Armor
27:28 Ballistics
34:45 Imperial Age
33:30 Stone Mining
33:42 Heavy Plow
34:32 Scale Mail Armor
34:43 Forging
35:15 Town Watch
35:47 Chain Mail Armor
35:35 Squires
35:21 Arson
37:33 Conscription
38:41 Plate Mail Armor
38:47 Iron Casting
41:09 Elite Skirmisher
42:53 Chemistry
42:25 Ring Archer Armor
42:47 Fishing Lines
46:08 Hand Cart
46:31 Stone Shaft Mining
46:20 Farimba
47:22 Hoardings
47:00 Scale Barding Armor
47:39 Hoardings
47:57 Capped Ram
48:31 Pikeman
50:33 Chain Barding Armor
51:08 Light Cavalry
51:59 Bloodlines
51:50 Husbandry
52:48 Plate Barding Armor
56:27 Masonry
55:58 Treadmill Crane
61:40 Cavalier
61:51 Heavy Camel Rider
BehCoY
0:33 Loom
10:16 Feudal Age
12:59 Castle Age
12:07 Double-Bit Axe
13:25 Gold Mining
15:09 Husbandry
19:43 Wheelbarrow
20:33 Scale Barding Armor
21:14 Horse Collar
22:03 Forging
22:52 Bloodlines
25:26 Chain Barding Armor
26:49 Bow Saw
26:32 Stone Mining
28:07 Iron Casting
28:26 Heavy Plow
35:04 Imperial Age
32:57 Hand Cart
35:37 Gold Shaft Mining
35:24 Town Watch
36:31 Plate Barding Armor
36:57 Blast Furnace
35:19 Elite Battle Elephant
40:28 Crop Rotation
40:07 Tusk Swords
44:31 Light Cavalry
45:33 Conscription
45:49 Hoardings
47:21 Fletching
47:43 Masonry
52:26 Bodkin Arrow
52:33 Padded Archer Armor
51:56 Elite Ballista Elephant
53:52 Town Patrol
54:55 Ballistics
56:00 Double Crossbow
57:27 Bracer
57:43 Leather Archer Armor
58:43 Chemistry
57:50 Siege Engineers
58:02 Hussar
60:16 Ring Archer Armor
62:30 Architecture
66:39 Heated Shot
Daniel Chassagnez
0:30 Loom
9:49 Feudal Age
11:45 Double-Bit Axe
14:23 Castle Age
12:20 Fishing Lines
15:17 Bow Saw
16:04 Scale Barding Armor
18:35 Wheelbarrow
22:32 Chain Barding Armor
22:41 Husbandry
24:13 Hand Cart
24:21 Forging
24:36 Gold Mining
27:11 Gold Shaft Mining
28:27 Gold Shaft Mining
28:16 Town Watch
31:11 Imperial Age
32:55 Plate Barding Armor
31:46 Cavalier
33:56 Iron Casting
36:05 Blast Furnace
39:36 Fletching
40:15 Conscription
42:44 Bodkin Arrow
47:53 Chemistry
48:19 Ballistics
50:11 Paladin
55:04 Town Patrol
54:37 Light Cavalry
57:39 Chivalry
atchoubaka
9:34 Feudal Age
7:53 Loom
9:38 Feudal Age
14:26 Double-Bit Axe
17:09 Wheelbarrow
19:11 Fletching
19:21 Padded Archer Armor
23:45 Castle Age
24:11 Crossbowman
24:47 Bodkin Arrow
26:47 Leather Archer Armor
27:01 Ballistics
32:56 Bow Saw
33:51 Fortified Wall
38:41 Imperial Age
37:13 Pikeman
37:54 Squires
37:55 Scale Mail Armor
38:05 Forging
39:36 Hand Cart
39:08 Arbalester
39:50 Bracer
40:56 Chemistry
41:11 Masonry
47:02 Town Watch
51:04 Chain Mail Armor
52:39 Iron Casting
AOKI_Shogi
0:29 Loom
8:09 Feudal Age
8:52 Double-Bit Axe
9:13 Town Watch
11:13 Fletching
16:52 Fishing Lines
18:34 Wheelbarrow
20:13 Town Watch
26:28 Castle Age
25:08 Horse Collar
26:03 Gold Mining
26:24 Padded Archer Armor
26:31 Crossbowman
27:41 Bow Saw
28:03 Bodkin Arrow
29:28 Ballistics
29:58 Leather Archer Armor
30:44 Thumb Ring
33:56 Hand Cart
36:33 Stone Mining
37:31 Clinker Construction
41:02 Imperial Age
40:42 Caravan
42:42 Carvel Hull
45:03 Arbalester
45:44 Bracer
46:46 Chemistry
47:24 Onager
49:16 Siege Engineers
49:04 Siege Onager
50:32 Drill
50:25 Capped Ram
55:46 Siege Ram
65:57 Conscription
67:44 Medium Warships
69:33 Heavy Warships
Connection lost

Rejoining the realm…

Still unreachable

The connection could not be restored.

Session expired

The server has moved on; the page needs a fresh start.